[ AOE2 MATCH · #508107138 ]
UnrankedTatars vs Burgundians
Player's team · WIN
[ REPLAY ANALYSIS · EXTRACTED FROM THE RECORDED GAME ]
Feudal
8:26
Castle
22:13
Imperial
33:00
| APM avg | 28.0 |
| APM peak | 48 |
| eAPM avg | 17.0 |
| Villagers / military | 59 / 23 |
Focus
⚔️ 34.5% · 🌾 65.5%
Steppe Lancer ×10 · Mangonel ×4 · Spearman ×4 · Keshik ×2 · Trebuchet (Packed) ×2 · Scout Cavalry ×1
Feudal
11:25
Castle
15:09
Imperial
—
| APM avg | 44.2 |
| APM peak | 85 |
| eAPM avg | 20.5 |
| Villagers / military | 98 / 19 |
Focus
⚔️ 23.6% · 🌾 76.4%
Coustillier ×9 · Monk ×4 · Battering Ram ×4 · Mangonel ×2
Match map
Initial resources + every placement click. Lines = walls · curves = elevation contours. ◆ gold · ⬟ stone · ● berries · ✦ relic · ◌ wall gap
Your base· ✓ Closed at 22:13 · 0t walls · 4 gate(s)
Sir Poopsalot's base· ✓ Closed at 15:09 · 6t walls · 4 gate(s)
Smoothed initial terrain · ◌ = detected wall gap · hover for details
Inputs per minute
— Light - - Sir Poopsalot
Build order — Light
First 150 of 167 actions detected
| 0:01 | Create | Villager (Male) |
| 0:01 | Create | Villager (Male) |
| 0:02 | Create | Villager (Male) |
| 0:02 | Build | House |
| 0:04 | Build | House |
| 0:34 | Create | Villager (Male) |
| 1:10 | Create | Villager (Male) |
| 1:47 | Build | Lumber Camp |
| 1:48 | Create | Villager (Male) |
| 2:25 | Create | Villager (Male) |
| 2:27 | Create | Villager (Male) |
| 3:09 | Create | Villager (Male) |
| 3:24 | Build | House |
| 3:36 | Create | Villager (Male) |
| 3:53 | Create | Villager (Male) |
| 4:06 | Create | Villager (Male) |
| 4:26 | Build | Mill |
| 4:33 | Create | Villager (Male) |
| 4:45 | Create | Villager (Male) |
| 4:47 | Research | Loom |
| 6:12 | Research | Feudal Age |
| 6:43 | Build | Mining Camp |
| 7:15 | Build | House |
| 7:23 | Create | Villager (Male) |
| 8:26 | Age | Feudal Age |
| 8:34 | Build | Watch Tower |
| 8:38 | Research | Double-Bit Axe |
| 8:41 | Create | Villager (Male) |
| 8:54 | Build | House |
| 8:55 | Build | House |
| 9:04 | Create | Villager (Male) |
| 9:27 | Research | Wheelbarrow |
| 10:03 | Create | Villager (Male) |
| 10:38 | Create | Villager (Male) |
| 10:48 | Build | Watch Tower |
| 11:09 | Build | Blacksmith |
| 11:19 | Create | Villager (Male) |
| 11:33 | Build | Watch Tower |
| 11:49 | Create | Villager (Male) |
| 12:27 | Create | Villager (Male) |
| 12:32 | Build | Farm |
| 12:35 | Build | Farm |
| 12:41 | Research | Fletching |
| 12:54 | Create | Villager (Male) |
| 13:08 | Build | Watch Tower |
| 13:15 | Build | Farm |
| 13:28 | Create | Villager (Male) |
| 13:54 | Create | Villager (Male) |
| 14:06 | Build | Watch Tower |
| 14:11 | Create | Villager (Male) |
| 14:26 | Build | House |
| 14:28 | Create | Villager (Male) |
| 14:43 | Create | Villager (Male) |
| 15:02 | Create | Villager (Male) |
| 15:28 | Build | Barracks |
| 15:35 | Build | Mining Camp |
| 15:47 | Create | Villager (Male) |
| 16:06 | Create | Villager (Male) |
| 16:26 | Create | Villager (Male) |
| 16:40 | Create | Spearman |
| 16:40 | Create | Spearman |
| 16:41 | Create | Villager (Male) |
| 17:15 | Create | Spearman |
| 17:16 | Create | Spearman |
| 17:23 | Build | House |
| 17:23 | Build | House |
| 17:23 | Build | House |
| 17:24 | Build | House |
| 17:24 | Build | House |
| 17:28 | Create | Villager (Male) |
| 17:56 | Build | Watch Tower |
| 18:04 | Build | Market |
| 18:06 | Create | Villager (Male) |
| 18:29 | Create | Villager (Male) |
| 19:34 | Research | Castle Age |
| 20:39 | Build | Stable |
| 20:42 | Build | Farm |
| 20:42 | Build | Farm |
| 20:43 | Build | Farm |
| 20:43 | Build | Farm |
| 20:43 | Build | Farm |
| 20:43 | Build | Farm |
| 21:32 | Build | Farm |
| 21:32 | Build | Farm |
| 21:33 | Build | Farm |
| 21:33 | Build | Farm |
| 21:56 | Create | Villager (Male) |
| 21:58 | Create | Scout Cavalry |
| 22:04 | Build | Farm |
| 22:05 | Build | Farm |
| 22:08 | Build | Farm |
| 22:13 | Age | Castle Age |
| 22:25 | Build | Siege Workshop |
| 22:28 | Create | Villager (Male) |
| 22:30 | Create | Steppe Lancer |
| 22:34 | Build | House |
| 22:34 | Build | House |
| 22:34 | Build | House |
| 22:34 | Build | House |
| 22:44 | Create | Steppe Lancer |
| 23:00 | Build | House |
| 23:03 | Create | Villager (Male) |
| 23:14 | Create | Steppe Lancer |
| 23:27 | Build | Mining Camp |
| 23:30 | Create | Mangonel |
| 23:31 | Create | Villager (Male) |
| 23:41 | Create | Villager (Male) |
| 24:04 | Create | Villager (Male) |
| 24:10 | Create | Mangonel |
| 24:15 | Build | Farm |
| 24:15 | Build | Farm |
| 24:15 | Build | Farm |
| 24:15 | Build | Farm |
| 24:23 | Create | Steppe Lancer |
| 24:25 | Create | Villager (Male) |
| 24:41 | Create | Villager (Male) |
| 24:58 | Create | Villager (Male) |
| 25:01 | Create | Mangonel |
| 25:15 | Create | Mangonel |
| 25:32 | Create | Steppe Lancer |
| 25:33 | Create | Villager (Male) |
| 25:39 | Create | Villager (Male) |
| 25:50 | Build | Lumber Camp |
| 25:58 | Create | Steppe Lancer |
| 26:09 | Build | House |
| 26:10 | Create | Villager (Male) |
| 26:25 | Create | Steppe Lancer |
| 26:36 | Create | Villager (Male) |
| 26:43 | Create | Steppe Lancer |
| 26:56 | Create | Villager (Male) |
| 27:17 | Create | Steppe Lancer |
| 27:17 | Create | Steppe Lancer |
| 27:22 | Create | Villager (Male) |
| 27:41 | Build | Castle |
| 27:46 | Create | Villager (Male) |
| 28:04 | Create | Villager (Male) |
| 28:05 | Create | Villager (Male) |
| 28:11 | Build | Castle |
| 28:33 | Create | Villager (Male) |
| 28:39 | Create | Villager (Male) |
| 28:54 | Create | Villager (Male) |
| 29:40 | Build | Lumber Camp |
| 29:50 | Research | Imperial Age |
| 30:39 | Research | Bow Saw |
| 30:51 | Build | Farm |
| 30:54 | Build | Farm |
| 31:12 | Research | Bodkin Arrow |
| 31:16 | Build | Farm |
| 31:16 | Build | Farm |
| 31:16 | Build | Farm |
Build order — Sir Poopsalot
First 150 of 221 actions detected
| 0:00 | Create | Villager (Male) ×4 |
| 0:02 | Build | House |
| 0:03 | Build | House |
| 1:29 | Create | Villager (Male) |
| 1:58 | Build | Lumber Camp |
| 2:09 | Create | Villager (Male) |
| 2:28 | Create | Villager (Male) |
| 2:41 | Research | Double-Bit Axe |
| 2:55 | Create | Villager (Male) |
| 3:19 | Create | Villager (Male) |
| 3:50 | Create | Villager (Male) |
| 3:51 | Create | Villager (Male) |
| 4:00 | Build | House |
| 4:01 | Build | House |
| 4:24 | Create | Villager (Male) |
| 4:30 | Build | House |
| 4:34 | Create | Villager (Male) |
| 4:59 | Create | Villager (Male) |
| 5:26 | Build | Mill |
| 5:37 | Create | Villager (Male) |
| 5:47 | Create | Villager (Male) |
| 6:12 | Create | Villager (Male) |
| 6:21 | Create | Villager (Male) |
| 6:22 | Create | Villager (Male) |
| 6:26 | Build | House |
| 6:42 | Create | Villager (Male) |
| 7:28 | Research | Horse Collar |
| 7:47 | Create | Villager (Male) |
| 7:51 | Create | Villager (Male) |
| 8:16 | Research | Feudal Age |
| 8:37 | Build | Mining Camp |
| 8:42 | Research | Loom |
| 8:51 | Research | Feudal Age |
| 9:21 | Build | Farm |
| 9:23 | Build | Farm |
| 9:51 | Build | Barracks |
| 9:58 | Build | House |
| 10:04 | Build | House |
| 10:05 | Build | Palisade Wall |
| 10:07 | Build | Palisade Wall |
| 10:08 | Build | Palisade Wall |
| 10:09 | Build | Palisade Wall |
| 10:33 | Create | Villager (Male) |
| 10:34 | Create | Villager (Male) |
| 10:48 | Build | Palisade Gate |
| 11:25 | Age | Feudal Age |
| 11:27 | Build | Market |
| 11:32 | Build | House |
| 11:35 | Build | Palisade Gate |
| 11:48 | Build | Blacksmith |
| 12:29 | Research | Castle Age |
| 12:44 | Build | Farm |
| 12:45 | Build | Farm |
| 12:49 | Build | Farm |
| 13:02 | Build | House |
| 13:06 | Build | House |
| 13:09 | Build | House |
| 13:11 | Build | Palisade Wall |
| 13:24 | Build | Farm |
| 13:36 | Build | Farm |
| 13:43 | Build | Palisade Wall |
| 14:06 | Build | Stable |
| 14:19 | Create | Villager (Male) |
| 14:28 | Build | Watch Tower |
| 14:34 | Build | Watch Tower |
| 14:44 | Research | Fletching |
| 15:09 | Age | Castle Age |
| 15:14 | Build | Siege Workshop |
| 15:31 | Create | Villager (Male) |
| 15:35 | Build | Farm |
| 15:36 | Build | Farm |
| 15:39 | Create | Villager (Male) |
| 16:04 | Create | Villager (Male) |
| 16:30 | Create | Villager (Male) |
| 16:37 | Create | Mangonel |
| 16:51 | Create | Villager (Male) |
| 17:24 | Create | Villager (Male) |
| 17:46 | Create | Villager (Male) |
| 17:56 | Create | Villager (Male) |
| 18:08 | Create | Mangonel |
| 18:11 | Build | Monastery |
| 18:13 | Create | Villager (Male) |
| 18:38 | Create | Villager (Male) |
| 19:25 | Create | Villager (Male) |
| 19:51 | Create | Villager (Male) |
| 20:03 | Create | Monk |
| 20:13 | Create | Villager (Male) |
| 20:36 | Create | Villager (Male) |
| 21:06 | Create | Villager (Male) |
| 21:32 | Build | Town Center |
| 21:45 | Create | Villager (Male) |
| 21:57 | Create | Villager (Male) |
| 22:23 | Create | Villager (Male) |
| 22:30 | Build | Mill |
| 22:30 | Build | Farm |
| 22:31 | Build | Farm |
| 22:31 | Build | Farm |
| 22:31 | Build | Farm |
| 22:31 | Build | Farm |
| 22:31 | Build | Farm |
| 22:32 | Build | Farm |
| 22:32 | Build | Farm |
| 22:32 | Build | Farm |
| 22:34 | Create | Monk |
| 22:58 | Create | Villager (Male) |
| 23:21 | Create | Villager (Male) |
| 23:24 | Build | Lumber Camp |
| 23:37 | Create | Villager (Male) |
| 23:41 | Build | Lumber Camp |
| 23:45 | Build | Farm |
| 23:46 | Build | Farm |
| 23:47 | Create | Villager (Male) |
| 23:48 | Create | Villager (Male) |
| 23:52 | Build | Farm |
| 23:56 | Create | Villager (Male) |
| 23:59 | Build | House |
| 24:12 | Create | Villager (Male) |
| 24:18 | Create | Villager (Male) |
| 24:20 | Build | House |
| 24:21 | Build | House |
| 24:27 | Build | Mining Camp |
| 24:33 | Build | Farm |
| 24:42 | Create | Villager (Male) |
| 24:52 | Create | Villager (Male) |
| 24:58 | Create | Villager (Male) |
| 25:01 | Create | Monk |
| 25:06 | Build | Farm |
| 25:12 | Build | Outpost |
| 25:18 | Create | Villager (Male) |
| 25:21 | Build | Farm |
| 25:35 | Create | Villager (Male) |
| 25:36 | Create | Villager (Male) |
| 25:38 | Build | House |
| 25:48 | Create | Villager (Male) |
| 25:49 | Build | Lumber Camp |
| 25:51 | Build | Farm |
| 25:51 | Build | Farm |
| 25:51 | Build | Farm |
| 25:52 | Build | Farm |
| 25:52 | Build | Farm |
| 25:52 | Build | Farm |
| 25:56 | Create | Villager (Male) |
| 26:00 | Create | Monk |
| 26:03 | Research | Town Watch |
| 26:10 | Create | Villager (Male) |
| 26:13 | Research | Stone Mining |
| 26:26 | Build | Farm |
| 26:27 | Build | Farm |
| 26:39 | Create | Villager (Male) |
| 26:52 | Create | Villager (Male) |
Match timeline
| 8:26 | Light · age_up feudal |
| 9:51 | Sir Poopsalot · first_building Barracks |
| 10:05 | Sir Poopsalot · wall_segment Palisade Wall x1 |
| 10:07 | Sir Poopsalot · wall_segment Palisade Wall x1 |
| 10:08 | Sir Poopsalot · wall_segment Palisade Wall x1 |
| 10:09 | Sir Poopsalot · wall_segment Palisade Wall x1 |
| 11:25 | Sir Poopsalot · age_up feudal |
| 12:16 | Sir Poopsalot · first_market_sell 100 stone |
| 12:17 | Sir Poopsalot · first_market_buy 100 food |
| 13:11 | Sir Poopsalot · wall_segment Palisade Wall x1 |
| 13:43 | Sir Poopsalot · wall_segment Palisade Wall x1 |
| 14:06 | Sir Poopsalot · first_building Stable |
| 15:09 | Sir Poopsalot · age_up castle |
| 15:14 | Sir Poopsalot · first_building Siege Workshop |
| 15:28 | Light · first_building Barracks |
| 18:11 | Sir Poopsalot · first_building Monastery |
| 18:50 | Light · first_market_buy 100 food |
| 18:52 | Light · first_market_sell 100 wood |
| 20:39 | Light · first_building Stable |
| 22:13 | Light · age_up castle |
| 22:25 | Light · first_building Siege Workshop |
| 27:41 | Light · first_building Castle |
| 27:44 | Sir Poopsalot · first_building Castle |
| 33:00 | Light · age_up imperial |
| 33:43 | Sir Poopsalot · resign |
[ AI ANALYSIS · 1 CREDIT ]
What really happened in this match?
Wolo.gg analyzes every decision: build order, eco, micro, common mistakes by bracket. Personalized analysis on WhatsApp or Discord in 30 seconds.
Civ guide
Tatars
Perfil
Jugador #19887144